 Dungeon Crawl Stone Soup version 0.20.1-1-g8b1a95d66d (webtiles) character file.

98 Pixllover the Cudgeler (level 4, -2/41 HPs)
             Began as a Minotaur Berserker on Jan 12, 2018.
             Was a Believer of Trog.
             Killed from afar by an orc wizard (3 damage)
             ... with a magic dart
             ... on level 3 of the Dungeon.
             The game lasted 00:05:08 (2372 turns).

Pixllover the Cudgeler (Minotaur Berserker)         Turns: 2372, Time: 00:05:10

Health: -2/41      AC:  2    Str: 23    XL:     4   Next: 44%
Magic:  3/3        EV: 12    Int:  4    God:    Trog [**....]
Gold:   112        SH:  0    Dex:  9    Spells: 3/3 levels left

rFire    + + .     SeeInvis .   a - +0 mace
rCold    . . .     Gourm    .   (no shield)
rNeg     . . .     Faith    +   b - +0 animal skin
rPois    .         Spirit   .   (helmet restricted)
rElec    .         Reflect  .   k - scarf {rC+ rF+}
rCorr    .         Harm     .   (no gloves)
MR       .....                  (no boots)
Stlth    +.........             n - amulet of faith
Regen    0.2/turn               p - ring of fire
MPRegen  0.1/turn               (no ring)

@: no status effects
A: retaliatory headbutt, horns 2
a: Berserk, Trog's Hand, Burn Spellbooks, Renounce Religion


You were on level 3 of the Dungeon.
You worshipped Trog.
Trog was pleased with you.
You were not hungry.

You visited 1 branch of the dungeon, and saw 3 of its levels.

You collected 112 gold pieces.

Inventory:

Hand Weapons
 a - a +0 mace (weapon)
Armour
 b - a +0 animal skin (worn)
 k - a scarf of resistance (worn)
Jewellery
 n - an amulet of faith (around neck)
 p - a ring of fire (left hand)
Scrolls
 f - 2 scrolls of teleportation
 h - 2 scrolls of remove curse {unknown}
 j - 2 scrolls of blinking {unknown}
 o - a scroll of enchant weapon {unknown}
Potions
 e - a potion of heal wounds {unknown}
 i - a potion of curing
 m - a potion of invisibility {unknown}
Comestibles
 c - a bread ration
 g - 5 meat rations


   Skills:
 + Level 4.4 Fighting
 + Level 4.8 Maces & Flails
 + Level 2.8 Armour
 + Level 2.9 Dodging
 + Level 0.8 Stealth


You had 3 spell levels left.
You didn't know any spells.

Dungeon Overview and Level Annotations

Branches:
Dungeon (3/15)

Altars:
Trog


Innate Abilities, Weirdness & Mutations

You reflexively headbutt those who attack you in melee.
You have a pair of horns on your head.


Message History

Something hits you.
* * * LOW HITPOINT WARNING * * *
You barely miss something. The orc barely misses you. You furiously retaliate!
You headbutt the orc. Something hits you but does no damage.
You barely miss something. The orc closely misses you. You furiously retaliate!
You headbutt the orc!
You kill the orc!
Trog accepts your kill. Something hits you but does no damage.
You miss something. You headbutt something. Something hits you.
* * * LOW HITPOINT WARNING * * *
The goblin closely misses you.
You closely miss something. Something hits you.
* * * LOW HITPOINT WARNING * * *
The goblin barely misses you.
You hit something. Your headbutt misses something.
You hear some strange, mumbled words.
A magic dart appears from out of thin air!
The magic dart hits you!
You die...

... ##.# # #.. .. #.. #.
... ..##.### . #.#
....... #.#.#
#..##..####.#.# ###..#
#........## ####
)....####..####..###....#
###....##.......{g....# #
##.#.....#####@####.....
#.......#####))# ...
#..#.......###.# .
####..#.......# ..
......#.......# #..
#.............# #..
#.............# #.#
#.....#.......# ##
#....##.......#


You could see a goblin.

Vanquished Creatures
  An orc priest (D:3)
  2 adders (D:2)
  A worm (D:2)
  A dart slug (D:2)
  3 orcs (D:3)
  3 bats
  6 giant cockroaches
  4 goblins
  4 hobgoblins
  2 jackals (D:2)
  6 frilled lizards
  5 kobolds
  2 rats
40 creatures vanquished.

Notes
Turn   | Place    | Note
-------+----------+-------------------------------------------
     0 | D:1      | Pixllover the Minotaur Berserker began the quest for the Orb.
     0 | D:1      | Reached XP level 1. HP: 19/19 MP: 0/0
   556 | D:1      | Reached XP level 2. HP: 27/27 MP: 1/1
  1206 | D:2      | Reached XP level 3. HP: 24/33 MP: 2/2
  1640 | D:2      | Found a bloodstained altar of Trog.
  2137 | D:3      | Reached ** piety under Trog
  2365 | D:3      | Reached XP level 4. HP: 31/41 MP: 3/3
  2371 | D:3      | HP: 1/41 [something (4)]
  2372 | D:3      | Killed from afar by an orc wizard

Skill      XL: |  1  2 |
---------------+-------+-----
Maces & Flails | 4 |  4.8
Fighting       | 4 |  4.4
Armour         | |  2.8
Dodging        | |  2.9
Stealth        | |  0.8

Action                   |  1- 3 |  4- 6 || total
-------------------------+-------+-------++-------
Melee: Mace              |    92 |     7 ||    99
       Headbutt          |    12 |     3 ||    15
  Use: Potion            |     4 |       ||     4
       Scroll            |     3 |       ||     3
 Stab: Sleeping          |     1 |       ||     1
  Eat: Chunk             |     3 |       ||     3
       Bread ration      |     1 |       ||     1
Armor: Animal skin       |    18 |     2 ||    20
Dodge: Dodged            |    71 |     5 ||    76
